 Dungeon Crawl Stone Soup version 0.27-a0-417-g317cea8a3c (webtiles) character file.

Game seed: 8618328586637282385

132 kniiight the Sneak (level 4, -10/21 HPs)
             Began as a Spriggan Enchanter on Feb 25, 2021.
             Mangled by a gnoll
             ... wielding a +0 halberd
              (11 damage)
             ... on level 3 of the Dungeon.
             The game lasted 00:05:40 (2810 turns).

kniiight the Sneak (Spriggan Enchanter)             Turns: 2810, Time: 00:05:40

Health: -10/21     AC:  2    Str:  4    XL:     4   Next: 92%
Magic:  6/9        EV: 19    Int: 16    God:
Gold:   79         SH:  0    Dex: 16    Spells: 5/8 levels left

rFire    . . .     SeeInvis +   a - +1 dagger
rCold    . . .     Faith    .   (shield restricted)
rNeg     . . .     Spirit   .   b - +0 robe
rPois    .         Reflect  .   (helmet restricted)
rElec    .         Harm     .   (no cloak)
rCorr    .         Rampage  .   (gloves unavailable)
Will     .....                  (boots unavailable)
Stlth    +++.......             (no amulet)
HPRegen  0.07/turn              (no ring)
MPRegen  0.11/turn              (no ring)

@: mighty, flying, very quick
A: very small, unfitting armour, see invisible, speed 3
a: no special abilities


You were on level 3 of the Dungeon.
You visited 1 branch of the dungeon, and saw 3 of its levels.

You collected 79 gold pieces.

Inventory:

Hand Weapons
 a - a +1 dagger (weapon)
 l - a +0 hunting sling
Missiles
 c - 76 arrows
 m - 51 stones
Armour
 b - a +0 robe (worn)
Scrolls
 d - a scroll of identify
 j - a scroll of enchant armour
 k - a scroll of fog


   Skills:
 + Level 0.4 Fighting
 + Level 1.9 Short Blades
 + Level 0.3 Slings
 + Level 4.0 Dodging
 + Level 6.2 Stealth
 - Level 2.7 Spellcasting
 + Level 4.4 Hexes
 + Level 0.3 Ice Magic


You had 5 spell levels left.
You knew the following spells:

 Your Spells              Type           Power        Failure   Level
a - Corona                Hex            17%          3%          1
b - Ensorcelled Hibernat  Hex/Ice        18%          11%         2

Your spell library contained the following spells:

 Spells                   Type           Power        Failure   Level
 Confusing Touch          Hex            16%          10%         3
 Tukima's Dance           Hex            16%          10%         3
 Dazzling Flash           Conj/Hex       18%          22%         3


Dungeon Overview and Level Annotations

Branches:
Dungeon (3/15)

Altars:
Ashenzari
Okawaru


Innate Abilities, Weirdness & Mutations

You are very small and have problems with some larger weapons.
You are too small for most types of armour.
You have supernaturally acute eyesight. (SInv)
You cover ground extremely quickly.


Message History

The gnoll completely misses you.
It was a potion of heal wounds.
You feel much better. The jackal misses you.
The gnoll hits you from afar with a +0 halberd.
The jackal closely misses you.
The jackal barks!
You hit the jackal.
Flame seeps out of the jackal.
The jackal is almost dead.
The gnoll closely misses you. The gnoll misses you.
The jackal completely misses you. The jackal closely misses you.
You barely miss the gnoll. The jackal bites you. The jackal misses you.
The gnoll misses you. The gnoll hits you with a +0 spear!
* * * LOW HITPOINT WARNING * * *
The jackal barks!
You hit the jackal.
You kill the jackal!
The jackal bites you but does no damage.
The gnoll completely misses you. x2
The jackal closely misses you.
There is an open door, spattered with blood here.
You see here a jackal corpse.
You puncture the jackal!
You kill the jackal!
The jackal closely misses you.
The gnoll hits you from afar with a +0 spear.
* * * LOW HITPOINT WARNING * * *
The gnoll completely misses you. The gnoll misses you. The gnoll misses you.
The gnoll throws a throwing net.
The throwing net misses you.
You see here a throwing net.
The gnoll throws a throwing net.
The throwing net closely misses you.
You see here a throwing net.
You aren't carrying any potions.
Okay, then.
The jackal closely misses you. The gnoll barely misses you.
The gnoll closely misses you.
The gnoll hits you from afar with a +0 halberd!
Ouch! That really hurt!
You die...

#############.# ........#...#8##
.......##...#P.#
#####.##.P..#..# #.##⌠......#
##. #.##....#..## ...
#####.###888#.gh# #..
......#.#...#(..##### #.### .
#######.#####.g.@...# ##...# ..
.<.....<#####.g.....####....#...
#.#####.#.§.#..8##......._...K.
.......##8.§#(..#.....#....###
#.######..§§#§.##.##..#...## #.#
#⌠_§§†.§#..#...###.# # #.#
#.§..#§8##.#.......# #.#
##§..#..##.#.......####### #.#
#...#8###.#.#..##.#......


You could see 3 gnolls and a jackal (inner flame).

Vanquished Creatures
  Terence (D:2)
  Natasha (twice) (D:2)
  3 adders
  A ball python (D:2)
  2 giant cockroaches
  6 goblins (D:2)
  3 hobgoblins
  5 jackals
  3 bats (D:2)
  A frilled lizard (D:2)
  2 kobolds
  3 rats (D:2)
32 creatures vanquished.

Vanquished Creatures (others)
  4 plants (D:3)
4 creatures vanquished.

Grand Total: 36 creatures vanquished

Notes
Turn   | Place    | Note
-------+----------+-------------------------------------------
     0 | D:1      | kniiight the Spriggan Enchanter began the quest for the
                  | Orb.
     0 | D:1      | Reached XP level 1. HP: 9/9 MP: 5/5
   575 | D:2      | Reached XP level 2. HP: 13/13 MP: 6/6
   578 | D:2      | Learned a level 2 spell: Ensorcelled Hibernation
   601 | D:2      | Noticed Terence
   614 | D:2      | Killed Terence
   615 | D:2      | Reached skill level 5 in Stealth
   615 | D:2      | Reached XP level 3. HP: 16/16 MP: 2/8
  1390 | D:2      | Noticed Natasha
  1397 | D:2      | Killed Natasha
  1398 | D:2      | Reached XP level 4. HP: 21/21 MP: 9/9
  1406 | D:2      | Found a broken altar of Ashenzari.
  1607 | D:2      | Noticed Natasha
  1615 | D:2      | Killed Natasha
  1735 | D:2      | Reached skill level 6 in Stealth
  2717 | D:3      | Found an iron altar of Okawaru.
  2746 | D:3      | Found a faded altar of an unknown god.
  2796 | D:3      | HP: 1/21 [gnoll/+0 spear (5)]
  2810 | D:3      | Mangled by a gnoll

Illustrated notes

Levels and vault maps discovered:
D:1:      saegor_arrival_simple_e, layout_basic, serial_glass, glass_columns_c,
          glass_columns_a
D:2:      layout_basic, nicolae_ashenzari_panopticon, chequers_jeans,
          uniq_terence, uniq_natasha
D:3:      layout_basic, nicolae_overflow_crystal_walls,
          chequers_ecumenical_altar_lobes

Skill      XL: |  1  2  3  4 |
---------------+-------------+-----
Dodging        | 3 4 |  4.0
Hexes          | 4 |  4.4
Stealth        | 5 6 |  6.2
Fighting       | |  0.4
Short Blades   | |  1.9
Slings         | |  0.3
Spellcasting   | |  2.7
Ice Magic      | |  0.3

Action                   |  1- 3 |  4- 6 || total
-------------------------+-------+-------++-------
Melee: Dagger            |    78 |    51 ||   129
 Fire: Hunting sling     |       |     3 ||     3
 Cast: Ensorcelled Hiber |     2 |    13 ||    15
  Use: Scroll            |       |     4 ||     4
       Potion            |       |     4 ||     4
 Stab: Sleeping          |     6 |     4 ||    10
Armor: Robe              |     6 |     3 ||     9
Dodge: Dodged            |    60 |    88 ||   148

Table legend: (Time is in decaauts)
 A = Elapsed time spent in this place.
 B = Non-inter-level travel time spent in this place.
 C = Inter-level travel time spent in this place.
 D = Time resting spent in this place.
 E = Time spent auto-exploring this place.
 F = Levels seen in this place.
 G = Mean time per level.
                   A        B        C        D        E       F      G
               +--------+--------+--------+--------+--------+-----+--------+
         Total |   2290 |   2283 |      7 |    496 |   1417 |   3 |  763.3 |
       Dungeon |   2290 |   2283 |      7 |    496 |   1417 |   3 |  763.3 |
               +--------+--------+--------+--------+--------+-----+--------+

Top non-repeatable levels by time:
     D:2: 1679 daAuts
     D:3: 482 daAuts
     D:1: 127 daAuts
